 Dungeon Crawl Stone Soup version 0.14-a0-1499-g388a102 (webtiles) character file.

355 July the Pacifier (level 5, 11/43 HPs)
             Began as a Deep Dwarf Healer on Dec 15, 2013.
             Was a Priest of Elyvilon.
             Quit the game on Level 4 of the Dungeon.
             The game lasted 00:21:34 (3659 turns).

July the Pacifier (Deep Dwarf Healer)               Turns: 3659, Time: 00:21:34

HP  11/43        AC 11     Str 17      XL: 5   Next: 57%
MP  13/13        EV  3     Int 12      God: Elyvilon [***...]
Gold 144         SH  0     Dex 12      Spells:  0 memorised,  4 levels left

rFire  . . .     SeeInvis .     a - +1,+0 mace
rCold  . . .     Clarity  .     o - +0 plate armour
rNeg   . . .     Conserve .     (no shield)
rPois  .         rCorr    .     (no helmet)
rElec  .         rRot     .     (no cloak)
SustAb . .       Spirit   .     (no gloves)
rMut   .         Warding  .     v - +0 pair of boots (curse)
Saprov . . .     Stasis   .     (no amulet)
                                (no ring)
                                l - ring of invisibility

@: non-regenerating, somewhat resistant to hostile enchantments, extremely
unstealthy
A: damage resistance, recharge devices, sense surroundings 1, slow healing 3
a: Device Recharging, Lesser Healing, Lesser Self-Healing, Divine Protection,
Purification, Greater Healing, Greater Self-Healing, Renounce Religion, Evoke
Invisibility


You were on level 4 of the Dungeon.
You worshipped Elyvilon.
Elyvilon was most pleased with you.
You were hungry.

You visited 1 branch of the dungeon, and saw 4 of its levels.
You also visited: Sewer.

You collected 144 gold pieces.

Inventory:

Hand weapons
 a - a +1,+0 mace (weapon)
Missiles
 i - 12 poisoned needles
 j - 26 darts (quivered)
Armour
 o - a +0 plate armour (worn)
 v - a cursed +0 pair of boots (worn)
 A - a +0 scale mail of fire resistance
Magical devices
 d - a wand of heal wounds (5)
Comestibles
 D - a bread ration
Scrolls
 f - a scroll of fear {unknown}
 g - 2 scrolls of random uselessness {unknown}
 h - 3 scrolls of identify {unknown}
 k - 4 scrolls of teleportation {unknown}
 p - a scroll of noise {unknown}
 u - a scroll of remove curse
 w - a scroll of enchant weapon II {unknown}
 y - 2 scrolls of curse weapon {unknown}
 C - a scroll of fog
Jewellery
 l - a ring of invisibility (left hand)
 m - an uncursed ring of teleportation
 n - a cursed ring of flight {unknown}
Potions
 b - 3 potions of curing
 c - 2 potions of heal wounds
 e - a potion of cure mutation {unknown}
 q - 3 potions of flight {unknown}
 r - a potion of agility {unknown}
 s - 2 potions of restore abilities {unknown}
 t - a potion of mutation {unknown}
 x - a potion of lignification {unknown}
 z - a potion of invisibility {unknown}
 B - a potion of confusion {unknown}
 E - a potion of resistance {unknown}


   Skills:
 - Level 0.8 Fighting
 - Level 2.2 Dodging
 + Level 8.1 Invocations


You had 4 spell levels left.
You didn't know any spells.

Dungeon Overview and Level Annotations

Branches:
Dungeon (4/16)             Temple (0/1) D:4

Altars:
Sif Muna
Xom


Innate Abilities, Weirdness & Mutations

You are resistant to damage.
You can recharge devices by infusing magical energy.
You passively map a small area around you.
You do not heal naturally.


Message History

The hobgoblin is almost dead.
The hobgoblin hits you but does no damage.
You hit the hobgoblin.
You kill the hobgoblin!
Found 9 darts.
You see here an orcish club.
You start waiting.
You smell something rotten. (slot E) Eat which item? (? for menu, Esc to quit)
Okay, then.
You start waiting.
You are feeling hungry.
You start waiting.
All of the chunks of flesh in your inventory have completely rotted away.
E - a brown potion Saving game... please wait.
Welcome back, July the Deep Dwarf Healer.
Elyvilon says: Go forth and aid the weak!
Press ? for a list of commands and other information.
Are you sure you want to abandon this character and quit the game? (Confirm with "yes".)

#....... .
#####...#.#.#...#
#........... .#... ,,
#####.......#.#...#.#.# ,,
.........)%........... ,
,, ............#..##...#.
.*,
........................ ,
............#.#.#.#......
,
.............#..@[.......,
............#.#.#.#......,
, .##...>.[.........#, ...
, ,
.##.........#.#.###..... ,
..............)...<.....
,, ............#..........
, .....................(.
, ....####.....###.......
, .......#.....#* ...... ,
,


There were no monsters in sight!

Vanquished Creatures
  An orc priest (D:4)
  2 worker ants (D:4)
  A hound skeleton (D:4)
  An adder (D:4)
  3 giant mites (D:3)
  An inept feature mimic (D:4)
  A ball python (D:4)
  A hobgoblin (D:4)
  2 oozes (D:2)
  7 giant cockroaches
  2 goblins
22 creatures vanquished.

Vanquished Creatures (others)
  An adder (Sewer)
  A giant gecko (D:3)
  4 orcs (D:3)
  A ball python (Sewer)
  2 bats (Sewer)
  A giant cockroach (D:3)
  A jackal (Sewer)
11 creatures vanquished.

Grand Total: 33 creatures vanquished

Notes
Turn   | Place    | Note
--------------------------------------------------------------
     0 | D:1      | July, the Deep Dwarf Healer, began the quest for the Orb.
     0 | D:1      | Reached XP level 1. HP: 16/16 MP: 2/2
    79 | D:1      | Reached skill level 4 in Invocations
   121 | D:1      | Found a shimmering altar of Xom.
   315 | D:1      | Reached XP level 2. HP: 24/24 MP: 4/4
   965 | D:2      | Reached skill level 5 in Invocations
  1415 | D:2      | Reached XP level 3. HP: 20/30 MP: 6/6
  1592 | D:3      | Found a glowing drain.
  1646 | D:3      | Reached skill level 6 in Invocations
  1694 | Sewer    | Entered a sewer
  1698 | Sewer    | Reached XP level 4. HP: 20/37 MP: 3/9
  2353 | D:3      | Acquired Elyvilon's third power
  2785 | D:4      | Reached skill level 7 in Invocations
  2836 | D:4      | Reached XP level 5. HP: 25/43 MP: 12/12
  2867 | D:4      | Found a staircase to the Ecumenical Temple.
  3132 | D:4      | Found a deep blue altar of Sif Muna.
  3251 | D:4      | Reached skill level 8 in Invocations
  3659 | D:4      | Quit the game

Action                   |  1- 3 |  4- 6 || total
-------------------------+-------+-------++-------
Melee: Unarmed           |   159 |     7 ||   166
       Mace              |       |    78 ||    78
Invok: Lesser Healing    |    41 |    32 ||    73
       Lesser Self-Heali |     2 |     2 ||     4
       Purification      |     1 |       ||     1
  Use: Scroll            |     2 |       ||     2
